 Dungeon Crawl Stone Soup version 0.28-a0-863-g8cecda6153 (webtiles) character file.

Game seed: 2856160398674297018

21809 spiderkeys the Grappler (level 12, 0/122 HPs)
             Began as a Troll Abyssal Knight on Nov 20, 2021.
             Was an Elder of Lugonu.
             Slain by a white ugly thing (5 damage)
             ... in an ice cave.
             The game lasted 00:39:23 (10734 turns).

spiderkeys the Grappler (Troll Abyssal Knight)     Turns: 10734, Time: 00:39:24

Health: 0/122      AC:  2    Str: 24    XL:     12   Next: 57%
Magic:  12/17      EV: 13    Int:  6    God:    Lugonu [****..]
Gold:   690        SH:  0    Dex: 14    Spells: 10/11 levels left

rFire   . . .      SeeInvis .     - Unarmed
rCold   + + .      Faith    .   (no shield)
rNeg    . . .      Spirit   .   (armour restricted)
rPois   .          Reflect  .   (helmet restricted)
rElec   .          Harm     .   n - scarf {repulsion}
rCorr   .          Rampage  .   (gloves unavailable)
Will    .....                   (boots unavailable)
Stlth   ++........              g - amulet of regeneration
HPRegen 2.30/turn               C - ring of protection from cold
MPRegen 0.15/turn               G - ring "Byasch" {Wiz rC+ Stlth+}

@: brilliant, attractive, repel missiles
A: large, unfitting armour, claws 3, regeneration 1, shaggy fur 1, tough skin 1
a: Renounce Religion, Depart the Abyss, Bend Space, Banish, Corrupt


You were in an ice cave.
You worshipped Lugonu.
Lugonu was greatly pleased with you.
You visited 1 branch of the dungeon, and saw 13 of its levels.
You visited the Abyss 3 times.
You also visited: Ice Cave.

You collected 748 gold pieces.
You spent 58 gold pieces at shops.


Innate Abilities, Weirdness & Mutations

You are too large for most types of armour.
You have claws for hands.
Your natural rate of healing is unusually fast.
You are covered in fur. (AC +1)
You have tough skin. (AC +1)


   Skills:
 + Level 8.6 Fighting
 + Level 8.3 Throwing
 - Level 4.0 Armour
 + Level 7.2 Dodging
 + Level 10.0 Unarmed Combat
 + Level 9.0 Invocations


You had 10 spell levels left.
You knew the following spells:

 Your Spells              Type           Power      Damage    Failure   Level
p - Pain                  Necr           0%         1d4       21%         1

Your spell library contained the following spells:

 Spells                   Type           Power      Damage    Failure   Level
 Beastly Appendage        Tmut           0%         N/A       21%         1
 Sting                    Tmut/Pois      0%         1d3       21%         1
 Poisonous Vapours        Pois/Air       0%         N/A       28%         2
 Wereblood                Tmut           0%         N/A       28%         2
 Dazzling Flash           Conj/Hex       0%         N/A       50%         3
 Gell's Gravitas          Tloc           0%         N/A       50%         3
 Lesser Beckoning         Tloc           0%         N/A       50%         3
 Spider Form              Tmut/Pois      0%         N/A       50%         3
 Teleport Other           Tloc           0%         N/A       50%         3
 Olgreb's Toxic Radiance  Pois           0%         N/A       86%         4
 Agony                    Necr           0%         N/A       99%         5
 Blade Hands              Tmut           0%         N/A       99%         5
 Excruciating Wounds      Necr           0%         N/A       99%         5
 Irradiate                Conj/Tmut      0%         3d13      99%         5
 Silence                  Hex/Air        0%         N/A       99%         5
 Dragon Form              Tmut           0%         N/A       100%        7

Inventory:

Missiles
 a - 12 boomerangs (quivered)
 c - 62 sling bullets
 f - 362 stones
 l - 5 silver boomerangs
 r - 4 large rocks {=f}
 w - a throwing net {=f!f}
 x - 39 poisoned darts
 B - 3 boomerangs of dispersal {=f!f}
 D - 8 javelins
 Y - 5 atropa-tipped darts
Armour
 d - the +0 swamp dragon scales "Puhirays" {rPois Will+++ Dex-3}
   (You found it on level 2 of the Abyss)

   Dex:       It affects your dexterity (-3).
   rPois:     It protects you from poison.
   Will:      It greatly increases your willpower.
 e - a +1 robe of resistance
   (You found it on level 2 of the Abyss)
 n - a scarf of repulsion (worn)
   (You found it on level 2 of the Dungeon)
 K - +0 swamp dragon scales
   (You took it off Maggie on level 8 of the Dungeon)
Jewellery
 g - an amulet of regeneration (around neck)
   (You found it on level 6 of the Dungeon)
 C - a ring of protection from cold (left claw)
   (You took it off an orc on level 4 of the Dungeon)
 E - a +4 ring of evasion
   (You found it on level 2 of the Abyss)
 G - the ring "Byasch" (right claw) {Wiz rC+ Stlth+}
   (You found it on level 7 of the Dungeon)

   [ring of wizardry]

   It improves your spell success rate.
   rC:        It protects you from cold.
   Stlth:     It makes you more stealthy.
 Z - a ring of wizardry
   (You found it on level 1 of the Abyss)
Wands
 s - a wand of acid (9)
   (You took it off Erica on level 8 of the Dungeon)
 t - a wand of polymorph (7)
   (You took it off Pikel on level 5 of the Dungeon)
 N - a wand of flame (14)
   (You found it on level 9 of the Dungeon)
 R - a wand of iceblast (22)
   (You found it on level 9 of the Dungeon)
 U - a wand of mindburst (16)
   (You found it on level 10 of the Dungeon)
 W - a wand of paralysis (9)
   (You found it on level 10 of the Dungeon)
 X - a wand of digging (7)
   (You found it on level 13 of the Dungeon)
Scrolls
 b - 8 scrolls of teleportation {@r4}
 h - 2 scrolls of vulnerability {!r!r}
 m - 3 scrolls of amnesia
 o - 2 scrolls of immolation {!r!r}
 p - 3 scrolls of magic mapping {!r}
 y - 3 scrolls of blinking {!r}
 F - 2 scrolls of summoning
 H - a scroll of silence {!r}
 L - a scroll of fear
 M - 3 scrolls of enchant armour
 O - a scroll of torment {!r}
 V - a scroll of enchant weapon
Potions
 i - 10 potions of curing {@q1}
 j - 2 potions of invisibility
 k - 5 potions of lignification {!q}
 q - 5 potions of flight
 u - 3 potions of resistance
 v - 2 potions of might
 z - a potion of mutation {!q}
 A - 4 potions of haste {@q3}
 J - 2 potions of attraction {!q}
 P - a potion of heal wounds {unknown}
 S - a potion of experience {unknown}
 T - 4 potions of ambrosia
Miscellaneous
 Q - a box of beasts
   (You found it on level 9 of the Dungeon)

Dungeon Overview and Level Annotations

Branches:
Dungeon (13/15)            Temple (0/1) D:6            Lair (0/6) D:8
    Orc (0/2) D:11          IceCv (1/1)
 Vaults: D:13-14

Altars:
Ashenzari
Cheibriados
Elyvilon
Fedhas
Nemelex Xobeh
Okawaru

Shops:
D:8 *   D:10 *=

Annotations:
Abyss:1 Erolcha IceCv 1 transporter

$)).. .....
...... W.©..8
###########
##...8©8...##
#...$.©.$...#
##.@..?(=....##
#..uZ..?......#
#....8...8....#
#....§........#
##...........#
#...........#
#.....∩.....#
##.........##
##...∩...##


You could see a white ugly thing, a freezing wraith and a death yak simulacrum.


Message History

You're wearing all the rings you can.
Remove which one? (? for menu, Esc to cancel) < or
E - a +4 ring of evasion > or
G - the ring "Byasch" {Wiz rC+ Stlth+} You remove your +4 ring of evasion.
C - a ring of protection from cold (left claw)
The white ugly thing gurgles horribly!
You start removing your armour.
You continue taking off your +0 swamp dragon scales. x3
The cane toad simulacrum hits you. The cane toad simulacrum freezes you.
You resist.
The white ugly thing gores you but does no damage.
You continue taking off your +0 swamp dragon scales.
The cane toad simulacrum hits you. The cane toad simulacrum freezes you.
You resist. The death yak simulacrum gores you.
The death yak simulacrum freezes you! You resist.
The white ugly thing gores you! The white ugly thing freezes you. You resist.
You finish taking off your +0 swamp dragon scales. 😮 HP[-43]
You take 43 damage, and now have 79/122 hp.
MASSIVE DAMAGE!! (PAUSE)
You claw the death yak simulacrum! The cane toad simulacrum misses you.
The death yak simulacrum barely misses you.
The white ugly thing gores you but does no damage. 😮 HP[+1] Space bends violently around you!
The cane toad simulacrum blinks!
The death yak simulacrum blinks!
The white ugly thing blinks!
You blink. 😮 HP[+1] MP[-1]
You lost 1 mp, and now have 16/17 mp.
Unknown command.
You mangle the death yak simulacrum!! 😮 HP[+1]
You claw the death yak simulacrum!
You claw the death yak simulacrum, but do no damage.
The death yak simulacrum gores you but does no damage. 😮 HP[+2]
You regained 2 hp, and now have 84/122 hp.
You mangle the death yak simulacrum!! Lugonu accepts your kill.
The cane toad simulacrum barely misses you.
Your Unarmed Combat skill increases to level 10! 😮 HP[+2]
You regained 2 hp, and now have 86/122 hp.
You mangle the cane toad simulacrum!! Lugonu accepts your kill. 😮 HP[+2]
You regained 2 hp, and now have 88/122 hp.
You mangle the death yak simulacrum!! The white ugly thing barely misses you.
The death yak simulacrum gores you! The death yak simulacrum freezes you!
You resist. 😮 HP[-20]
You take 20 damage, and now have 68/122 hp.
You scratch the death yak simulacrum. The white ugly thing gores you!
* * * LOW HITPOINT WARNING * * *
The white ugly thing freezes you! You resist.
* * * LOW HITPOINT WARNING * * *
😨 HP[-15]
You take 15 damage, and now have 53/122 hp.
You scratch the death yak simulacrum but do no damage.
The death yak simulacrum gores you!!
* * * LOW HITPOINT WARNING * * *
The death yak simulacrum freezes you! You resist.
* * * LOW HITPOINT WARNING * * *
The white ugly thing gores you.
* * * LOW HITPOINT WARNING * * *
The white ugly thing freezes you. You resist.
* * * LOW HITPOINT WARNING * * *
😱 HP[-40] MP[+1]
You take 40 damage, and now have 13/122 hp.
MASSIVE DAMAGE!! (PAUSE)
Your mp is fully restored (17).
Space bends sharply around you!
You blink. 😱 MP[-1]
You lost 1 mp, and now have 16/17 mp.
Unknown command.
Unknown command.
It was a potion of attraction.
You feel attractive to monsters.
The death yak simulacrum is attracted toward you. 😱 HP[+2]
You regained 2 hp, and now have 15/122 hp.
Okay, then.
Press: ? - help, Shift-Dir - straight line, f - white ugly thing
Aim: a white ugly thing (chance to affect: 73%)
The white ugly thing struggles to resist.
The white ugly thing gores you!
* * * LOW HITPOINT WARNING * * *
The white ugly thing freezes you! You resist.
* * * LOW HITPOINT WARNING * * *
😱 HP[-12] MP[-4]
You take 12 damage, and now have 3/122 hp.
You lost 4 mp, and now have 12/17 mp.
Unknown command.
It was a potion of brilliance.
You feel clever all of a sudden.
The death yak simulacrum barely misses you.
The white ugly thing gores you.
You die...

Skill      XL: |  1  2  3  4  5  6  7  8  9 10 11 12 |
---------------+-------------------------------------+-----
Dodging        | 2 3 4 5 6 7 |  7.2
Invocations    | 2 3 4 5 6 7 8 9 |  9.0
Fighting       | 3 4 5 6 7 8 |  8.6
Unarmed Combat | 3 4 5 7 8 9 10 | 10.0
Throwing       | 1 3 5 6 7 8 |  8.3
Armour         | 2 4 |  4.0

Action                   |  1- 3 |  4- 6 |  7- 9 | 10-12 || total
-------------------------+-------+-------+-------+-------++-------
Melee: Unarmed           |    98 |   184 |   319 |   610 ||  1211
       Punch             |     1 |     6 |    11 |    29 ||    47
       Quarterstaff      |       |       |     6 |       ||     6
Throw: Boomerang         |     1 |       |     2 |       ||     3
       Dart              |       |     5 |    12 |     4 ||    21
       Large rock        |       |       |       |     3 ||     3
Invok: Depart the Abyss  |     1 |       |       |     2 ||     3
       Banish            |       |       |       |     7 ||     7
       Bend Space        |       |       |       |     4 ||     4
Evoke: Wand              |       |       |       |    12 ||    12
  Use: Scroll            |       |     8 |     5 |    12 ||    25
       Potion            |       |       |     1 |     2 ||     3
 Stab: Sleeping          |       |     2 |       |     2 ||     4
Armor: Robe              |    33 |    45 |    43 |     1 ||   122
       Skin              |       |       |     1 |     2 ||     3
       Swamp dragon scal |       |       |       |   244 ||   244
Dodge: Dodged            |   103 |   109 |   277 |   564 ||  1053
       Repelled          |       |       |     6 |     7 ||    13

Levels and vault maps discovered:
D:1:      wheals_arrival_linesprint, layout_rooms, nrook_loot_triangle,
          corexii_item_surrounded_by_moat
D:2:      layout_loops_corners, nicolae_ecumenical_pavilion, uniq_robin
D:3:      layout_basic, minmay_misc_feat_iff, uniq_natasha
D:4:      nicolae_BIG_FREAKIN_CUBE, layout_basic, grunt_temple_overflow_open
D:5:      layout_cave_pools, uniq_pikel, uniq_edmund
D:6:      layout_rooms, nicolae_elyvilon_peaceful_grove,
          overflow_temple_1_default, ashenzari_altar_1,
          minmay_temple_entry_junction, uniq_menkaure
D:7:      layout_loops_cross
D:8:      layout_basic, amcnicky_altar_gilded, grunt_lair_entry_orc_guard_hut,
          serial_shops, shop, kennysheep_generic_room_2, uniq_maggie, uniq_erica
D:9:      minmay_the_grid_octo_tiled_squarecenter
          [minmay_the_grid_octo_checkerflower, minmay_the_grid_octo_empty,
          minmay_the_grid_octo_clover, minmay_the_grid_octo_77,
          minmay_the_grid_square_5x5_megaprize_hollow,
          minmay_the_grid_square_5x5_tie, minmay_the_grid_square_5x5_forky,
          minmay_the_grid_square_5x5_spiral, minmay_the_grid_square_5x5_comb],
          layout_gridville, special_room [special_room_bee],
          hangedman_decor_growths
D:10:     layout_basic, serial_shops, shop, nicolae_shop_clearance, uniq_urug,
          uniq_nergalle
D:11:     layout_gridville, orc_0_dummy, uniq_psyche, uniq_erolcha
D:12:     layout_roguey, hangedman_decor_clover_reticule, minmay_misc_feat_chi,
          lightli_wizard_tower
D:13:     lemuel_ice_spiral_2, layout_rooms, david_vaults_1,
          portal_ice_cave_entry_pillars_2, uniq_snorg
IceCv:    ice_cave_statue_garden_transporter

Notes
Turn   | Place    | Note
-------+----------+-------------------------------------------
     0 | Abyss:1  | spiderkeys the Troll Abyssal Knight began the quest for the
                  | Orb.
     0 | Abyss:1  | Reached XP level 1. HP: 22/22 MP: 1/1
     0 | Abyss:1  | magus.rc [v1.9.10]
    23 | Abyss:2  | Found a broken altar of Ashenzari.
    27 | Abyss:2  | Found a shimmering blue altar of Sif Muna.
    56 | Abyss:2  | Noticed a red very ugly thing
    83 | Abyss:2  | Noticed a raiju
    83 | Abyss:2  | Noticed a raiju
    85 | D:1      | You pass through the gate.
    85 | D:1      | Escaped the Abyss
   158 | D:1      | Reached skill level 2 in Dodging
   158 | D:1      | Reached XP level 2. HP: 17/29 MP: 2/2
   221 | D:1      | Reached skill level 2 in Invocations
   306 | D:1      | Reached * piety under Lugonu
   307 | D:1      | Reached XP level 3. HP: 36/36 MP: 3/3
   343 | D:1      | You pick up a book of Transfigurations and begin reading...
   343 | D:1      | You add the spells Irradiate, Blade Hands and Dragon Form
                  | to your library.
   711 | D:2      | Found a faded altar of an unknown god.
   739 | D:2      | Noticed Robin
   753 | D:2      | Killed Robin
   799 | D:2      | Reached XP level 4. HP: 41/44 MP: 4/4
   848 | D:2      | Reached skill level 3 in Fighting
   942 | D:2      | Reached ** piety under Lugonu
  1422 | D:2      | Reached skill level 3 in Unarmed Combat
  1846 | D:3      | Noticed Natasha
  1861 | D:3      | Killed Natasha
  1862 | D:3      | Reached XP level 5. HP: 49/53 MP: 5/5
  2033 | D:3      | Noticed Natasha
  2041 | D:3      | Killed Natasha
  2042 | D:3      | Reached skill level 3 in Dodging
  2460 | D:3      | Noticed Natasha
  2468 | D:3      | Killed Natasha
  2550 | D:4      | Reached skill level 3 in Invocations
  2574 | D:4      | Reached XP level 6. HP: 61/61 MP: 7/7
  2912 | D:4      | Reached *** piety under Lugonu
  3102 | D:4      | Found an iron altar of Okawaru.
  3104 | D:4      | Found a snail-covered altar of Cheibriados.
  3285 | D:5      | Entered Level 5 of the Dungeon
  3293 | D:5      | Reached skill level 4 in Unarmed Combat
  3345 | D:5      | Noticed an ice beast
  3361 | D:5      | Killed an ice beast
  3362 | D:5      | Reached skill level 1 in Throwing
  3362 | D:5      | Reached XP level 7. HP: 68/68 MP: 8/8
  3383 | D:5      | Reached skill level 4 in Fighting
  3423 | D:5      | Noticed Edmund
  3440 | D:5      | Killed Edmund
  3635 | D:5      | Reached skill level 2 in Throwing
  3660 | D:5      | Reached skill level 4 in Dodging
  3660 | D:5      | Reached skill level 4 in Invocations
  3770 | D:5      | Noticed Pikel
  3898 | D:5      | Killed Pikel
  3899 | D:5      | Reached skill level 3 in Throwing
  3899 | D:5      | Reached skill level 5 in Unarmed Combat
  3899 | D:5      | Reached XP level 8. HP: 79/79 MP: 10/10
  4224 | D:6      | Found a staircase to the Ecumenical Temple.
  4261 | D:6      | Found a white marble altar of Elyvilon.
  4312 | D:6      | Reached skill level 5 in Fighting
  4322 | D:6      | Reached **** piety under Lugonu
  4414 | D:6      | Identified the +12 quarterstaff of Freehold {vorpal, rCorr
                  | Str+3}
  4418 | D:6      | Found a broken altar of Ashenzari.
  4422 | D:6      | Noticed Menkaure
  4427 | D:6      | Killed Menkaure
  4445 | D:6      | Reached skill level 5 in Invocations
  4571 | D:6      | Found a blossoming altar of Fedhas.
  4644 | D:6      | Reached XP level 9. HP: 62/88 MP: 11/11
  4800 | D:6      | Reached skill level 4 in Throwing
  4800 | D:6      | Reached skill level 5 in Dodging
  4882 | D:7      | Reached skill level 6 in Unarmed Combat
  5264 | D:7      | Identified the ring "Byasch" {Wiz rC+ Stlth+}
  5639 | D:8      | Reached skill level 6 in Fighting
  5639 | D:8      | Reached skill level 6 in Invocations
  5687 | D:8      | Found a staircase to the Lair.
  5695 | D:8      | Reached skill level 5 in Throwing
  5731 | D:8      | Found a sparkling altar of Nemelex Xobeh.
  5790 | D:8      | Found Wapnus's Assorted Antiques.
  5810 | D:8      | Bought a scroll labelled HUCRIE JUGUOPH for 30 gold pieces
  5943 | D:8      | Noticed Maggie
  5945 | D:8      | Noticed Erica
  5995 | D:8      | Killed Erica
  5996 | D:8      | Reached skill level 7 in Unarmed Combat
  5996 | D:8      | Reached XP level 10. HP: 98/98 MP: 13/13
  6024 | D:8      | Killed Maggie
  6025 | D:8      | Reached skill level 6 in Dodging
  6318 | D:8      | Reached ***** piety under Lugonu
  6440 | D:9      | Reached skill level 1 in Armour
  6471 | D:9      | You pick up a book of the Senses and begin reading...
  6471 | D:9      | You add the spells Dazzling Flash, Agony and Silence to
                  | your library.
  6547 | D:10     | Entered Level 10 of the Dungeon
  6703 | D:9      | Reached skill level 6 in Throwing
  6703 | D:9      | Reached skill level 2 in Armour
  6784 | D:9      | Reached skill level 7 in Invocations
  6836 | D:9      | Noticed a smoke demon
  7116 | D:9      | Noticed a centaur warrior
  7138 | D:9      | HP: 24/100 [centaur warrior (10)]
  7140 | D:9      | Killed a centaur warrior
  7141 | D:9      | Reached skill level 7 in Fighting
  7141 | D:9      | Reached skill level 8 in Unarmed Combat
  7141 | D:9      | Reached XP level 11. HP: 28/109 MP: 15/15
  7155 | D:9      | Noticed a fire dragon
  7160 | D:9      | Banished a fire dragon
  7161 | D:9      | Reached skill level 3 in Armour
  7387 | D:9      | You pick up a book of Pain and begin reading...
  7387 | D:9      | You add the spells Pain and Excruciating Wounds to your
                  | library.
  7392 | D:9      | Learned a level 1 spell: Pain
  7426 | D:9      | Identified a +0 robe of the Archmagi
  7880 | D:9      | Reached skill level 7 in Throwing
  8251 | D:10     | Reached skill level 4 in Armour
  8355 | D:10     | Reached skill level 8 in Invocations
  8531 | D:10     | Found Deb Dyer's CLEARANCE SALE!.
  8537 | D:10     | Bought a potion of might for 8 gold pieces
  8537 | D:10     | Bought a potion of haste for 20 gold pieces
  8586 | D:10     | Found Fowo's Jewellery Boutique.
  8586 | D:10     | Noticed Nergalle
  8606 | D:10     | Killed Nergalle
  8607 | D:10     | Reached skill level 9 in Unarmed Combat
  8624 | D:10     | You pick up a book of Changes and begin reading...
  8624 | D:10     | You add the spells Beastly Appendage, Wereblood and Spider
                  | Form to your library.
  8893 | D:11     | Noticed Erolcha
  8897 | D:11     | You are cast into the Abyss!
  8897 | D:11     | Cast into level 1 of the Abyss (Erolcha)
  8941 | Abyss:1  | Noticed a red ugly thing
  8974 | Abyss:2  | Found a corrupted altar of Lugonu.
  8976 | Abyss:2  | Identified the +0 swamp dragon scales "Puhirays" {rPois
                  | Will+++ Dex-3}
  8994 | Abyss:2  | Noticed a bone dragon
  8998 | Abyss:2  | Noticed a lich
  9026 | D:11     | You pass through the gate.
  9026 | D:11     | Escaped the Abyss
  9026 | D:11     | Noticed a two-headed ogre
  9027 | D:11     | Banished Erolcha
  9050 | D:11     | HP: 23/111 [two-headed ogre (21)]
  9054 | D:11     | Killed a two-headed ogre
  9063 | D:11     | HP: 19/111 [centaur warrior zombie (2)]
  9209 | D:11     | Noticed Psyche
  9219 | D:11     | Noticed an orb spider
  9221 | D:11     | Killed an orb spider
  9222 | D:11     | Reached skill level 8 in Fighting
  9222 | D:11     | Reached XP level 12. HP: 119/119 MP: 17/17
  9229 | D:11     | Killed Psyche
  9269 | D:11     | Found a staircase to the Orcish Mines.
  9371 | D:11     | You pick up a book of Displacement and begin reading...
  9371 | D:11     | You add the spells Lesser Beckoning, Gell's Gravitas and
                  | Teleport Other to your library.
  9431 | D:11     | Noticed a boulder beetle
  9440 | D:11     | Killed a boulder beetle
  9828 | D:12     | Noticed a boulder beetle
  9868 | D:12     | Banished a boulder beetle
  9869 | D:12     | Reached skill level 8 in Throwing
 10045 | D:12     | You are cast into the Abyss!
 10045 | D:12     | Cast into level 2 of the Abyss (a wizard)
 10099 | Abyss:2  | Found a corrupted altar of Lugonu.
 10242 | Abyss:4  | Reached skill level 7 in Dodging
 10242 | D:12     | You pass through the gate.
 10242 | D:12     | Escaped the Abyss
 10289 | D:12     | You add the spells Sting, Poisonous Vapours and Olgreb's
                  | Toxic Radiance to your library.
 10533 | D:12     | Noticed a boulder beetle
 10547 | D:12     | Killed a boulder beetle
 10548 | D:12     | Reached skill level 9 in Invocations
 10699 | D:13     | Found a frozen archway.
 10714 | IceCv    | Entered an ice cave
 10723 | IceCv    | Found a transporter.
 10727 | IceCv    | Reached skill level 10 in Unarmed Combat
 10730 | IceCv    | HP: 23/122 [death yak simulacrum (12)]
 10733 | IceCv    | HP: 11/122 [white ugly thing (7)]
 10733 | IceCv    | HP: 3/122 [white ugly thing (8)]
 10734 | IceCv    | Slain by a white ugly thing

Vanquished Creatures
  2 boulder beetles
  A centaur warrior (D:9)
  Erica (D:8)
  A two-headed ogre (D:11)
  2 thrashing horrors (Abyss:4)
  Nergalle (D:10)
  A wizard (D:12)
  Pikel (D:5)
  A deep elf pyromancer (D:13)
  Maggie (D:8)
  An eye of devastation (Abyss:2)
  An unseen horror (D:12)
  2 kobold demonologists (D:9)
  Psyche (D:11)
  A queen bee (D:9)
  5 trolls
  4 wyverns
  A ynoxinul (Abyss:2)
  A shadow (D:10)
  15 yaks
  A wraith (D:9)
  A death yak simulacrum (IceCv)
  3 steam dragons
  Edmund (D:5)
  Menkaure (D:6)
  2 acid dragons
  9 orc warriors
  A hornet zombie (D:9)
  3 water moccasins
  An ice beast (D:5)
  3 necrophages
  2 ogres (D:6)
  2 centaurs
  A lemure (D:5)
  A wyvern zombie (D:8)
  3 scorpions
  5 bullfrogs
  A cane toad simulacrum (IceCv)
  A water moccasin skeleton (D:5)
  30 killer bees
  12 howler monkeys
  A wight (D:8)
  5 centaur zombies
  A crimson imp (D:12)
  2 bullfrog zombies
  2 jellies
  3 hounds
  6 orc priests
  A centaur skeleton (D:5)
  3 gnoll shamans
  An iguana (D:6)
  Natasha (thrice) (D:3)
  12 orc wizards
  A hound skeleton (D:5)
  Robin (D:2)
  16 gnolls
  10 adders
  A shadow imp (D:7)
  3 white imps
  2 worms (D:4)
  35 orcs
  11 ball pythons
  8 endoplasms
  2 giant cockroaches
  7 goblins (D:2)
  10 hobgoblins
  10 jackals
  4 kobolds
  A quokka (D:4)
  8 bats
  2 frilled lizards
  5 rats
305 creatures vanquished.

Vanquished Creatures (others)
  An orb spider (D:11)
  A gnoll (D:8)
  12 fungi (D:8)
  6 plants (D:8)
20 creatures vanquished.

Grand Total: 325 creatures vanquished

Table legend:
 A = Non-vault XP
 B = Vault XP
 C = Vault XP percentage of total XP
 D = Non-vault monster count
 E = Vault monster count
 F = Vault count percentage of total count
                 A         B        C        D         E       F
            +---------+---------+-------+---------+---------+-------
      Total |   18576 |   12580 |  40.4 |     234 |      74 |  24.0
            +---------+---------+-------+---------+---------+-------
        D:1 |      56 |       0 |   0.0 |      25 |       0 |   0.0
        D:2 |      81 |      25 |  23.6 |      20 |       7 |  25.9
        D:3 |     135 |      35 |  20.6 |      15 |       1 |   6.2
        D:4 |     279 |       0 |   0.0 |      25 |       0 |   0.0
        D:5 |     632 |     824 |  56.6 |      17 |       2 |  10.5
        D:6 |     881 |     172 |  16.3 |      18 |       1 |   5.3
        D:7 |     733 |       0 |   0.0 |      19 |       0 |   0.0
        D:8 |    1241 |    2065 |  62.5 |      30 |       9 |  23.1
        D:9 |    2056 |    6459 |  75.9 |      21 |      47 |  69.1
       D:10 |    2470 |     777 |  23.9 |      11 |       1 |   8.3
       D:11 |    3878 |    1242 |  24.3 |      15 |       2 |  11.8
       D:12 |    3278 |     714 |  17.9 |      13 |       2 |  13.3
       D:13 |     595 |       0 |   0.0 |       1 |       0 |   0.0
    Abyss:2 |     657 |       0 |   0.0 |       2 |       0 |   0.0
    Abyss:4 |    1604 |       0 |   0.0 |       2 |       0 |   0.0
      IceCv |       0 |     267 | 100.0 |       0 |       2 | 100.0
            +---------+---------+-------+---------+---------+-------

Illustrated notes

Table legend:
 A = Kills in this place as a percentage of kills in entire the game.
 B = Kills by you in this place as a percentage of kills by you in the entire game.
 C = Kills by friends in this place as a percentage of kills by friends in the entire game.
 D = Other kills in this place as a percentage of other kills in the entire game.
 E = Experience gained in this place as a percentage of experience gained in the entire game.
 F = Experience gained in this place divided by the number of levels of this place that you have seen.
                   A       B       C       D       E      F
               +-------+-------+-------+-------+-------+----------------------
         Total | 100.0 | 100.0 |   N/A | 100.0 | 100.0 | 1483.6
       Dungeon |  98.1 |  98.0 |   N/A | 100.0 |  91.9 | 2202.2
         Abyss |   1.3 |   1.3 |   N/A |   0.0 |   7.3 | 323.0
      Ice Cave |   0.6 |   0.7 |   N/A |   0.0 |   0.9 | 267.0
               +-------+-------+-------+-------+-------+----------------------

Table legend: (Time is in decaauts)
 A = Elapsed time spent in this place.
 B = Non-inter-level travel time spent in this place.
 C = Inter-level travel time spent in this place.
 D = Time resting spent in this place.
 E = Time spent auto-exploring this place.
 F = Levels seen in this place.
 G = Mean time per level.
                   A        B        C        D        E       F      G
               +--------+--------+--------+--------+--------+-----+--------+
         Total |  10596 |  10194 |    402 |    596 |   6925 |  21 |  504.6 |
       Dungeon |  10174 |   9772 |    402 |    596 |   6914 |  13 |  782.6 |
         Abyss |    405 |    405 |      0 |      0 |     11 |   7 |   57.9 |
      Ice Cave |     17 |     17 |      0 |      0 |      0 |   1 |   17.0 |
               +--------+--------+--------+--------+--------+-----+--------+

Top non-repeatable levels by time:
     D:9: 1718 daAuts
     D:3: 973 daAuts
     D:5: 917 daAuts
    D:12: 880 daAuts
     D:8: 862 daAuts
     D:2: 804 daAuts
     D:4: 783 daAuts
    D:10: 751 daAuts
     D:7: 645 daAuts
     D:1: 622 daAuts
     D:6: 605 daAuts
    D:11: 569 daAuts
 Abyss:2: 254 daAuts
 Abyss:1: 79 daAuts
 Abyss:4: 49 daAuts
